 Dungeon Crawl Stone Soup version 0.17-a0-1851-gf12a9eb (webtiles) character file.

23130 Geeful the Pandemonic (level 13, -5/91 HPs)
             Began as a Human Wanderer on Sept 19, 2015.
             Was a High Priest of Makhleb.
             Slain by a balrug
             ... wielding a +2 demon whip of electrocution
             ... summoned by the player character
              (22 damage)
             ... on level 3 of the Lair of Beasts.
             The game lasted 01:34:03 (22433 turns).

Geeful the Pandemonic (Human Wanderer)             Turns: 22433, Time: 01:34:03

Health: -5/91      AC: 16    Str: 16    XL:     13   Next: 32%
Magic:  23/23      EV: 19    Int: 18    God:    Makhleb [*****.]
Gold:   1925       SH:  0    Dex: 18    Spells: 0 memorised, 12 levels left

rFire  . . .     SeeInvis .       - Unarmed
rCold  . . .     Clarity  .     p - +2 scale mail of Gozag's Pride {Dex+4}
rNeg   . . .     SustAt   .     (no shield)
rPois  .         Gourm    .     G - +2 hat
rElec  .         Spirit   .     c - +1 cloak
rCorr  .         Warding  .     y - +1 pair of gloves
rMut   .         Stasis   .     (no boots)
MR     .....                    (no amulet)
Stlth  +.........               H - +4 ring of evasion
                                O - +5 ring of intelligence

@: very slightly contaminated, not resistant to hostile enchantments, very
unstealthy
A: no striking features
a: Minor Destruction, Lesser Servant of Makhleb, Major Destruction, Greater
Servant of Makhleb, Renounce Religion


You were on level 3 of the Lair of Beasts.
You worshipped Makhleb.
Makhleb was extremely pleased with you.
You were not hungry.

You visited 4 branches of the dungeon, and saw 21 of its levels.

You collected 1925 gold pieces.

Inventory:

Hand weapons
 b - a +3 blowgun
Missiles
 a - 7 needles of sleeping
 j - 68 poisoned needles
Armour
 c - a +1 cloak (worn)
 k - a +2 plate armour of fire resistance
 p - the +2 scale mail of Gozag's Pride (worn) {Dex+4}
   (You found it on level 4 of the Dungeon)

   It affects your dexterity (+4).
 y - a +1 pair of gloves (worn)
 G - a +2 hat (worn)
Jewellery
 q - an uncursed ring of fire
 w - an uncursed ring of magical power
 H - a +4 ring of evasion (right hand)
 O - a +5 ring of intelligence (left hand)
Magical devices
 m - a wand of digging (12)
 s - a wand of heal wounds (0)
 u - a wand of polymorph (9)
 B - a wand of confusion (23)
 C - a wand of teleportation (5)
 F - a wand of paralysis (11)
 M - a wand of paralysis (2)
Scrolls
 e - 8 scrolls of teleportation
 v - 3 scrolls of enchant armour
 x - 7 scrolls of remove curse
 A - 2 scrolls of identify
 E - a scroll of fog
Potions
 d - 5 potions of curing
 h - a potion of resistance
 i - a potion of lignification
 l - 4 potions of cure mutation
 o - 2 potions of haste
 t - a potion of brilliance
 z - a potion of ambrosia
 D - a potion of might
 N - a potion of agility
 P - a potion of flight
Miscellaneous
 L - a lamp of fire
Comestibles
 f - 4 meat rations
 g - 7 bread rations
 I - 9 royal jellies
 J - 2 slices of pizza
 K - 9 fruits
 Q - a beef jerky
 R - 2 chunks of flesh


   Skills:
 - Level 5.0 Fighting
   Level 3.0 Bows
 - Level 8.0 Armour
 - Level 7.8 Dodging
 - Level 1.0 Stealth
 - Level 11.1 Unarmed Combat
 + Level 13.5 Invocations
 - Level 7.3 Evocations


You had 12 spell levels left.
You didn't know any spells.

Dungeon Overview and Level Annotations

Branches:
Dungeon (12/15)            Temple (1/1) D:5            Lair (4/8) D:9
    Orc (4/4) D:9             Elf (0/3) Orc:3
  Swamp: Lair:3-6    Shoals: Lair:3-6     Snake: Lair:3-6    Spider: Lair:3-6

Altars:
Ashenzari
Cheibriados
Dithmenos
Elyvilon
Fedhas
Gozag
Kikubaaqudgha
Makhleb
Nemelex Xobeh
Qazlal
Ru
Sif Muna
Trog
Xom
Yredelemnul
Zin
The Shining One
Beogh

Annotations:
Lair:3 Maud


Message History

Your green death is engulfed in flames!!
Your green death dies!
Some rock shatters into small pieces.
Drink which item? (? for menu, Esc to quit)
You feel much better. The balrug gestures at you. The sticky flame misses you.
Your cacodemon gestures at the balrug.
The bolt of energy hits the balrug.
The rock wall explodes into countless fragments.
Some of the chunks of flesh in your inventory have rotted away.
You hit the balrug but do no damage.
The balrug is moderately wounded.
The balrug gestures at you. Something smites you!
* * * LOW HITPOINT WARNING * * *
Use which ability?
A demon appears!
You feel somewhat more hungry.
The balrug hits you with a demon whip of electrocution!!
You die...

#..# ##......## ##..# #.....##
#...# ###.### ###.## #.## ##
#....## ### ##. ###.#...# #.. ###
##.##.1..# ##..
######.#####........## #...
##.##...........@2....## ####..
..............##.#.P...#####.#...
#............#####......#........
###.........#####..........####..
#............##........##.P# ###
#............##........##### #
#...........###...2.....#
##..........P###.......##
##.........####.###....#


You could see a balrug and a friendly Executioner.

Vanquished Creatures
  Erolcha (D:10)
  A hill giant (D:10)
  2 orc sorcerers
  An ugly thing (D:10)
  The ghost of Demise the Basher, an experienced VSAM of Ru (D:7)
  An oklob plant (Orc:1)
  The ghost of mordrax the Ducker, an experienced TrBe of Trog (D:5)
  A black mamba (Lair:3)
  Maurice (Orc:3)
  5 spiny frogs
  4 komodo dragons
  A polar bear (Lair:1)
  A troll (D:10)
  A two-headed ogre (D:9)
  3 blink frogs (Lair:2)
  Sigmund (D:3)
  7 yaks (Lair:3)
  A trapdoor spider (D:10)
  A hungry ghost (D:9)
  A deep elf mage (D:9)
  Eustachio (D:5)
  2 wyverns
  2 hippogriffs (Lair:3)
  A steam dragon (D:7)
  A basilisk (Lair:3)
  Menkaure (D:4)
  4 wargs
  A soldier ant (D:9)
  4 water moccasins
  A spider (D:9)
  17 orc warriors
  6 porcupines
  Duvessa (D:5)
  4 sky beasts
  4 ice beasts
  6 ogres
  A wasp (D:9)
  2 black bears (Lair:1)
  2 phantoms (D:10)
  A centaur (D:10)
  A necrophage (D:12)
  A big kobold (D:6)
  3 crocodiles
  Dowan (D:5)
  A wyvern skeleton (D:9)
  6 giant frogs
  5 scorpions
  6 wights
  10 crimson imps
  8 orc priests
  5 hounds
  3 centaur zombies
  2 giant frog zombies
  4 iguanas
  2 jellies
  36 orc wizards
  Crazy Yiuf (D:2)
  Terence (D:2)
  2 giant frog skeletons
  2 hell rats (Lair:3)
  2 centaur skeletons
  14 worker ants
  A killer bee zombie (D:4)
  A hound zombie (D:9)
  A hound skeleton (D:7)
  22 river rats
  5 shadow imps
  12 adders
  3 oozes
  An adder zombie (D:6)
  2 worms
  8 giant geckos
  152 orcs
  2 ball pythons (D:1)
  9 bats
  8 giant cockroaches
  11 goblins
  12 hobgoblins
  16 kobolds
  3 quokkas
  2 giant gecko skeletons
  6 giant newts
  12 jackals
  A jackal skeleton (D:6)
  A quokka skeleton (D:5)
  9 rats
  A fungus (D:2)
515 creatures vanquished.

Vanquished Creatures (collateral kills)
  A hydra (Lair:3)
  A hill giant (D:10)
  A griffon (Lair:3)
  A black mamba (Lair:2)
  A spiny frog (Lair:3)
  A fire drake (Lair:3)
  4 blink frogs (Lair:3)
  7 yaks (Lair:3)
  2 orc warriors (Orc:2)
  A porcupine (Lair:3)
  4 crocodiles (Lair:3)
  A giant frog (Lair:3)
  An orc priest (Orc:2)
  2 iguanas (Lair:3)
  An orc wizard (Orc:2)
  10 orcs (Orc:2)
  A fungus (Lair:2)
40 creatures vanquished.

Vanquished Creatures (others)
  4 fungi (Lair:3)
4 creatures vanquished.

Grand Total: 559 creatures vanquished

Notes
Turn   | Place    | Note
--------------------------------------------------------------
     0 | D:1      | Geeful the Human Wanderer began the quest for the Orb.
     0 | D:1      | Geeful set off with: a +2 shortbow, 28 arrows, a +0 hand crossbow, 20 bolts, a scroll of teleportation, a +0 robe, a bread ration
     0 | D:1      | Reached XP level 1. HP: 21/21 MP: 1/1
   177 | D:1      | Reached skill level 1 in Unarmed Combat
   246 | D:1      | Reached XP level 2. HP: 15/27 MP: 2/2
   281 | D:1      | HP: 1/27 [goblin/dagger (3)]
   848 | D:1      | Reached XP level 3. HP: 28/33 MP: 3/3
  1863 | D:2      | Reached XP level 4. HP: 29/39 MP: 4/4
  2112 | D:2      | Noticed Terence
  3342 | D:2      | Killed Terence
  3342 | D:2      | Reached XP level 5. HP: 31/44 MP: 5/5
  3656 | D:2      | Noticed Crazy Yiuf
  3673 | D:2      | Killed Crazy Yiuf
  3984 | D:3      | Reached skill level 5 in Unarmed Combat
  4262 | D:3      | Reached XP level 6. HP: 30/51 MP: 6/6
  4386 | D:3      | Found a shadowy altar of Dithmenos.
  4472 | D:3      | Noticed Sigmund
  4535 | D:4      | Reached skill level 6 in Unarmed Combat
  4624 | D:3      | Killed Sigmund
  4624 | D:3      | Reached skill level 7 in Unarmed Combat
  4624 | D:3      | Reached XP level 7. HP: 56/56 MP: 7/7
  5335 | D:4      | Got a fine scale mail
  5336 | D:4      | Identified the +2 scale mail of Gozag's Pride {Dex+4} (You found it on level 4 of the Dungeon)
  5560 | D:4      | Noticed Menkaure
  5570 | D:4      | Killed Menkaure
  5570 | D:4      | Reached skill level 8 in Unarmed Combat
  5570 | D:4      | Reached XP level 8. HP: 49/62 MP: 8/8
  5929 | D:5      | Entered Level 5 of the Dungeon
  5943 | D:5      | Noticed Duvessa
  5944 | D:5      | Noticed Dowan
  5972 | D:5      | Killed Duvessa
  5972 | D:5      | Reached skill level 9 in Unarmed Combat
  6041 | D:5      | Noticed Eustachio
  6086 | D:5      | Killed Eustachio
  6156 | D:5      | Noticed mordrax's ghost (experienced TrBe)
  6163 | D:5      | Found a staircase to the Ecumenical Temple.
  6178 | Temple   | Entered the Ecumenical Temple
  6227 | Temple   | Became a worshipper of Makhleb the Destroyer
  6452 | D:4      | Reached skill level 10 in Unarmed Combat
  6748 | D:5      | Killed mordrax's ghost
  6748 | D:5      | Reached skill level 11 in Unarmed Combat
  6748 | D:5      | Reached XP level 9. HP: 46/68 MP: 9/9
  6951 | D:5      | Reached skill level 1 in Armour
  6951 | D:5      | Reached skill level 1 in Dodging
  7018 | D:5      | Killed Dowan
  7617 | D:6      | Acquired Makhleb's first power
  8757 | D:7      | Acquired Makhleb's second power
  8913 | D:7      | Noticed Demise's ghost (experienced VSAM)
  8985 | D:7      | Killed Demise's ghost
  8985 | D:7      | Reached skill level 5 in Armour
  8985 | D:7      | Reached skill level 5 in Dodging
  8985 | D:7      | Reached XP level 10. HP: 74/74 MP: 10/10
  9664 | D:7      | Found a shattered altar of Ashenzari.
  9664 | D:7      | Found an ancient bone altar of Kikubaaqudgha.
 10745 | D:8      | Acquired Makhleb's third power
 11512 | D:9      | Reached skill level 1 in Invocations
 11575 | D:9      | Reached XP level 11. HP: 77/79 MP: 13/13
 11664 | D:9      | Found a blossoming altar of Fedhas.
 11701 | D:9      | Acquired Makhleb's fourth power
 11736 | D:9      | Found a staircase to the Orcish Mines.
 11801 | D:9      | Found a staircase to the Lair.
 11854 | D:9      | Found a sparkling altar of Nemelex Xobeh.
 12055 | D:9      | Reached skill level 5 in Invocations
 12246 | D:10     | Entered Level 10 of the Dungeon
 12464 | D:10     | Noticed a hill giant
 12473 | D:10     | Killed a hill giant
 12754 | D:10     | Noticed a hill giant
 12763 | D:10     | Killed a hill giant
 12763 | D:10     | Reached skill level 5 in Evocations
 12796 | D:10     | Noticed Erolcha
 12812 | D:10     | Killed Erolcha
 13221 | D:11     | Noticed a white ugly thing
 13263 | D:10     | Killed a white ugly thing
 13436 | D:11     | Acquired Makhleb's fifth power
 13840 | Orc:1    | Entered Level 1 of the Orcish Mines
 14891 | Orc:2    | Noticed an orc sorcerer
 14901 | Orc:2    | Paralysed by an orc sorcerer for 6 turns
 14912 | Orc:2    | Killed an orc sorcerer
 15239 | Orc:1    | Noticed an oklob plant
 15368 | Orc:1    | Killed an oklob plant
 15368 | Orc:1    | Reached XP level 12. HP: 86/86 MP: 17/17
 16823 | Orc:3    | Found a roughly hewn altar of Beogh.
 17120 | Orc:3    | Noticed Maurice
 17151 | Orc:3    | Killed Maurice
 17289 | Orc:3    | Found a staircase to the Elven Halls.
 17800 | Orc:4    | Entered Level 4 of the Orcish Mines
 18004 | Orc:4    | Noticed an orc warlord
 18149 | Orc:3    | Gained mutation: You tend to lose your temper in combat. [potion of mutation]
 18149 | Orc:3    | Gained mutation: You have a beak for a mouth. [potion of mutation]
 18149 | Orc:3    | Gained mutation: Your spells are a little harder to cast, but a little more powerful. [potion of mutation]
 18150 | Orc:3    | Lost mutation: You tend to lose your temper in combat. [potion of cure mutation]
 18150 | Orc:3    | Lost mutation: You have a beak for a mouth. [potion of cure mutation]
 18150 | Orc:3    | Lost mutation: Your spells are a little harder to cast, but a little more powerful. [potion of cure mutation]
 18291 | Lair:1   | Entered Level 1 of the Lair of Beasts
 18774 | Lair:1   | Reached skill level 10 in Invocations
 19585 | Lair:2   | Found a burning altar of Makhleb.
 20651 | Lair:3   | Reached XP level 13. HP: 74/91 MP: 21/21
 20726 | Lair:3   | Reached skill level 12 in Invocations
 21832 | Lair:3   | Reached skill level 13 in Invocations
 22044 | Lair:3   | Noticed a six-headed hydra
 22059 | Lair:3   | Killed a six-headed hydra
 22340 | Lair:4   | Noticed Maud
 22351 | Lair:3   | Noticed a balrug
 22361 | Lair:3   | HP: 1/91 [balrug/bolt of fire[the player character] (25)]
 22433 | Lair:3   | Slain by a balrug

Vault maps used:
D:1:      lightli_arrival_boilingwater
D:2:      first_bread, uniq_crazy_yiuf_cottage, uniq_terence
D:3:      lemuel_round_altar, uniq_sigmund
D:4:      uniq_menkaure
D:5:      temple_hall, kennysheep_small_spiral, uniq_eustachio, uniq_duvessa
D:7:      gammafunk_temple_overflow_wave
D:9:      lemuel_doored_altar, lair_0_dummy, erik_orc_3,
          hangedman_pestilent_swarm, nemelex_lonely_heart_becter
D:10:     uniq_erolcha
D:11:     grunt_dithmenos_shadows
D:12:     minmay_misc_feat_plants, serial_bayou_pond_e, kennysheep_another_room,
          tgw_xom, uniq_harold, uniq_psyche
Temple:   eino_wide_crystal_templ_15
Lair:1:   beast_lair_carwin_7, infiniplex_staircase_pool_2, lemuel_fruit_tree
Lair:2:   basic_altar
Lair:3:   kennysheep_rathole
Lair:4:   nicolae_swamp_entry_splash_gauntlet, serial_bayou_lagoon_a,
          grunt_megastairs_4, uniq_maud
Orc:1:    mines3_lemuel
Orc:2:    mines4_lemuel
Orc:3:    basic_altar, nicolae_orc_pool_cavern, uniq_maurice
Orc:4:    grunt_orc_community_town_hall, grunt_orc_community_big_house_2,
          grunt_orc_community_big_house_1, grunt_orc_community_house_3,
          grunt_orc_community_house_1, grunt_orc_community_house_3,
          grunt_orc_community_house_3, grunt_orc_community_house_1,
          grunt_orc_community_house_2, serial_shops, shop, lightli_orcish_oven

Action                   |  1- 3 |  4- 6 |  7- 9 | 10-12 | 13-15 || total
-------------------------+-------+-------+-------+-------+-------++-------
Melee: Unarmed           |   210 |   295 |   489 |  1263 |   206 ||  2463
 Fire: Blowgun           |       |       |       |   166 |    15 ||   181
Throw: Throwing net      |     1 |     1 |       |       |       ||     2
Invok: Lesser Servant of |       |       |       |    11 |     4 ||    15
       Greater Servant o |       |       |       |       |     5 ||     5
Evoke: Wand              |       |       |       |    12 |     1 ||    13
  Use: Potion            |     1 |     6 |     6 |     7 |     2 ||    22
       Scroll            |       |     1 |     9 |    17 |     3 ||    30
 Stab: Sleeping          |     3 |     1 |     1 |       |       ||     5
       Distracted        |     1 |       |       |     1 |       ||     2
       Paralysed         |       |       |       |    38 |       ||    38
  Eat: Chunk             |     4 |     8 |    11 |    33 |     6 ||    62
       Pizza             |       |       |     2 |       |       ||     2
       Royal jelly       |       |       |     1 |       |       ||     1
       Meat ration       |       |       |       |     2 |       ||     2
       Beef jerky        |       |       |       |     3 |     1 ||     4
